 Dungeon Crawl Stone Soup version 0.19.1-1-g22dce08 (console) character file.

17406 Kloppie the Basher (level 12, 0/72 HPs)
             Began as a Gargoyle Fighter on Jan 8, 2017.
             Was a High Priest of Hepliaklqana.
             Killed from afar by a hell hound (19 damage)
             ... with a blast of flame
             ... in a volcano.
             The game lasted 00:20:13 (11957 turns).

Kloppie the Basher (Gargoyle Fighter)              Turns: 11957, Time: 00:20:13

Health: 0/72       AC: 28    Str: 20    XL:     12   Next: 47%
Magic:  14/14      EV:  6    Int: 12    God:    Hepliaklqana [*****.]
Gold:   689        SH: 11    Dex: 16    Spells: 0 memorised, 11 levels left

rFire  . . .     SeeInvis .     a - +4 flail
rCold  + . .     Gourm    .     g - +2 chain mail {rC+}
rNeg   + . .     Faith    .     c - +0 shield
rPois  ∞         Spirit   .     y - +1 helmet
rElec  +         Reflect  .     (no cloak)
rCorr  .         Harm     .     i - +1 pair of gloves
MR     .....                    d - +1 pair of boots {Fly}
Stlth  ..........               M - amulet of rage
                                C - +2 ring of intelligence
                                A - +3 ring of dexterity

@: marked
A: reduced essence, negative energy resistance 1, electricity resistance,
unbreathing, petrification resistance, rot immunity, AC +8
a: Recall Ancestor, Ancestor Identity, Transference, Idealise, Renounce
Religion, Evoke Berserk Rage, Evoke Flight


You were in a volcano.
You worshipped Hepliaklqana.
Hepliaklqana was extremely pleased with you.
You were not hungry.

You visited 3 branches of the dungeon, and saw 14 of its levels.
You also visited: Ossuary and Volcano.

You collected 864 gold pieces.
You spent 175 gold pieces at shops.

Inventory:

Hand Weapons
 a - a +4 flail (weapon)
Armour
 c - a +0 shield (worn)
 d - a +1 pair of boots of flying (worn)
 g - a +2 chain mail of cold resistance (worn)
 i - a +1 pair of gloves (worn)
 y - a +1 helmet (worn)
Jewellery
 A - a +3 ring of dexterity (left hand)
 C - a +2 ring of intelligence (right hand)
 M - an amulet of rage (around neck)
Wands
 l - a wand of random effects (33/48)
 o - a wand of acid (5/15)
 u - a wand of disintegration (12/24)
 w - a wand of teleportation (8/9)
Scrolls
 e - 6 scrolls of remove curse
 h - 2 scrolls of enchant weapon
 r - a scroll of fog
 s - 2 scrolls of teleportation
 t - 4 scrolls of identify
 v - a scroll of fear
 B - 3 scrolls of noise
 F - a scroll of recharging
 G - 2 scrolls of blinking
 I - a scroll of summoning
 K - a scroll of holy word
Potions
 j - 2 potions of agility
 k - 2 potions of might
 n - 2 potions of haste
 q - a potion of cancellation
 x - 4 potions of curing
 E - 2 potions of heal wounds
 H - 2 potions of flight
Books
 J - a book of Misfortune

   Spells                             Type                      Level
   a - Confusing Touch                Hexes                        1
   b - Confuse                        Hexes                        3
   c - Gell's Gravitas                Hexes/Translocation          3
   d - Petrify                        Transmutation/Earth          4
   e - Metabolic Englaciation         Hexes/Ice                    5
   f - Yara's Violent Unravelling     Hexes/Transmutation          5
Comestibles
 b - a beef jerky
 f - 10 bread rations
 m - 8 fruits
 p - 3 meat rations
 z - 10 slices of pizza
 D - 6 chunks of flesh


   Skills:
 - Level 11.2 Fighting
 + Level 13.8 Maces & Flails
 - Level 8.2 Armour
 - Level 8.6 Shields
 + Level 3.1 Evocations


You had 11 spell levels left.
You didn't know any spells.

Dungeon Overview and Level Annotations

Branches:
Dungeon (10/15)            Temple (1/1) D:4            Lair (3/6) D:10
  Snake (0/4) Lair:3          Orc (0/2) D:9
  Swamp: Lair:2-4    Shoals: Lair:2-4

Altars:
Ashenzari
Cheibriados
Dithmenos
Elyvilon
Fedhas
Gozag
Hepliaklqana
Kikubaaqudgha
Makhleb
Nemelex Xobeh
Okawaru
Qazlal
Ru
Sif Muna
Trog
Uskayaw
Vehumet
Xom
Yredelemnul
Zin
The Shining One

Shops:
D:7 [!?


Innate Abilities, Weirdness & Mutations

You are resistant to torment.
Your stone body is resilient. (AC +8)
You are immune to poison.
You resist negative energy. (rN+)
You are resistant to electric shocks. (rElec)
You can survive without breathing.
You are immune to petrification.
You are immune to rotting.
Your life essence is reduced. (-10% HP)


Message History

The gargoyle is severely damaged.
You are engulfed in roaring flames.
* * * LOW HITPOINT WARNING * * *
The hell hound bites you but does no damage.
The two-headed ogre is engulfed in roaring flames.
You block the hell hound's attack.
You are too injured to fight recklessly!
You are too injured to fight recklessly!
You are too injured to fight recklessly!
Your shield prevents you from hitting the hell hound.
The hell hound is moderately wounded.
You are engulfed in roaring flames.
* * * LOW HITPOINT WARNING * * *
You block the hell hound's attack.
The gargoyle is engulfed in roaring flames.
The gargoyle is destroyed!
The hell hound completely misses you. The hell hound breathes flames at you.
The blast of flame hits you!
You die...

≈≈.≈≈≈≈≈≈≈
≈....≈..≈ .......##
#....## ##..#'###
#..#.#∩# #§.#.#R#
## ##h§##.##
##...#####§h@####
.......O.§O..#
≈.≈≈≈§≈§§.≈§§≈§≈§≈≈
§.≈§≈§§≈≈§§§§≈§≈≈≈≈
≈≈≈§§≈§≈≈§§§§≈§§≈≈≈
≈≈≈§≈§§≈≈§§§§§≈§§≈§
≈§§§§§≈§≈≈≈§§≈§≈§≈
≈≈§#§§§#§§§#§≈≈#§≈≈
≈≈≈≈§§§§#≈§≈≈§#≈≈≈#


You could see 2 two-headed ogres and 2 hell hounds.

Vanquished Creatures
  Erolcha (D:10)
  Harold (Lair:1)
  A hydra (Lair:3)
  The ghost of monokles the Ducker, a novice DsMo (D:6)
  An ugly thing (D:8)
  An elephant (Lair:3)
  A guardian serpent (D:10)
  5 spiny frogs
  A rime drake (Lair:2)
  A kobold demonologist (D:9)
  A troll (D:9)
  A two-headed ogre (Volcano)
  A hippogriff (D:9)
  A spriggan (Lair:2)
  A wraith (D:9)
  7 yaks
  3 wyverns
  A human (D:8)
  A fire bat (Volcano)
  Grum (D:8)
  A hungry ghost (D:10)
  A mottled dragon (D:9)
  A hell hound (Lair:3)
  2 orc warriors
  2 porcupines (Lair:3)
  2 ice beasts
  2 ogres
  2 wolves (D:8)
  2 centaurs
  2 phantoms
  A crocodile (D:10)
  6 bullfrogs
  9 scorpions
  2 howler monkeys
  An electric eel (D:10)
  2 crimson imps
  A human zombie (Ossuary)
  A bullfrog skeleton (D:5)
  4 hounds
  9 orc priests
  A centaur skeleton (D:6)
  An iguana (D:6)
  6 worker ants
  Natasha (thrice) (D:4)
  5 orc wizards
  3 big kobold zombies (Ossuary)
  3 mummies (Ossuary)
  2 hound skeletons
  4 gnolls (D:6)
  A scorpion zombie (Ossuary)
  6 adders
  2 adder zombies
  A worm (D:3)
  2 dart slugs
  8 leopard geckos
  39 orcs
  8 giant cockroaches
  4 hobgoblins
  13 jackals
  5 quokkas
  A ball python (D:6)
  A ball python skeleton (D:6)
  5 bats (D:2)
  4 frilled lizards
  4 gnoll zombies (Ossuary)
  3 goblins
  A goblin zombie (Ossuary)
  2 hobgoblin zombies (Ossuary)
  8 kobolds
  3 kobold zombies (Ossuary)
  4 orc zombies (Ossuary)
  A quokka zombie (D:5)
  5 rats
244 creatures vanquished.

Vanquished Creatures (collateral kills)
  Gastronok (Lair:1)
  The ghost of Camlann the Transmogrifier, a journeyman OpTm of Gozag (Lair:1)
  A cyclops (D:8)
  A two-headed ogre (Volcano)
  A blink frog (Lair:2)
  A hippogriff (Lair:2)
  3 yaks
  A basilisk (Lair:1)
  2 hungry ghosts
  A porcupine (Lair:2)
  An orc warrior (D:6)
  A black bear (D:9)
  An eye of draining (D:10)
  A necrophage (D:10)
  2 ogres
  2 crocodiles
  6 scorpions
  3 howler monkeys
  A crimson imp (D:5)
  3 hounds
  An orc priest (D:5)
  A centaur skeleton (D:9)
  An orc wizard (D:10)
  A worker ant (D:6)
  An adder (D:6)
  A scorpion zombie (Ossuary)
  A leopard gecko (D:5)
  5 orcs
  2 gnoll zombies (Ossuary)
  An orc zombie (Ossuary)
49 creatures vanquished.

Vanquished Creatures (others)
  A gargoyle (Volcano)
  3 hexers
  An ancestor (D:6)
  14 fungi (Lair:3)
19 creatures vanquished.

Grand Total: 312 creatures vanquished

Notes
Turn   | Place    | Note
-------+----------+-------------------------------------------
     0 | D:1      | Kloppie the Gargoyle Fighter began the quest for the Orb.
     0 | D:1      | Reached XP level 1. HP: 14/14 MP: 1/1
   187 | D:1      | Reached XP level 2. HP: 17/19 MP: 2/2
   813 | D:2      | Reached XP level 3. HP: 16/24 MP: 3/3
  1712 | D:2      | Reached skill level 3 in Maces & Flails
  1742 | D:2      | Reached XP level 4. HP: 28/30 MP: 4/4
  2489 | D:3      | Reached skill level 5 in Fighting
  2489 | D:3      | Reached XP level 5. HP: 28/35 MP: 5/5
  2585 | D:4      | Noticed Natasha
  2593 | D:4      | Killed Natasha
  3008 | D:4      | Found a basalt altar of Yredelemnul.
  3069 | D:4      | Reached skill level 4 in Maces & Flails
  3085 | D:4      | Found a staircase to the Ecumenical Temple.
  3102 | D:4      | Noticed Natasha
  3108 | D:4      | Killed Natasha
  3196 | D:4      | Noticed Natasha
  3205 | D:4      | Killed Natasha
  3205 | D:4      | Reached XP level 6. HP: 35/41 MP: 6/6
  3474 | D:4      | Reached skill level 5 in Maces & Flails
  3606 | D:4      | Noticed an orc warrior
  3628 | D:4      | Killed an orc warrior
  3628 | D:4      | Reached XP level 7. HP: 41/47 MP: 7/7
  3765 | Temple   | Entered the Ecumenical Temple
  4016 | Temple   | Became a worshipper of Hepliaklqana the Forgotten
  4064 | D:5      | Entered Level 5 of the Dungeon
  4351 | D:5      | HP: 1/42 [orc priest/divine providence (15)]
  4470 | D:5      | Reached skill level 6 in Maces & Flails
  4773 | D:5      | Found a deep blue altar of Sif Muna.
  4897 | D:5      | Reached XP level 8. HP: 41/46 MP: 8/8
  4905 | D:5      | Reached skill level 5 in Armour
  4963 | D:5      | Reached * piety under Hepliaklqana
  5308 | D:6      | Reached skill level 7 in Maces & Flails
  5457 | D:6      | Found a stormy altar of Qazlal.
  5705 | D:6      | Reached ** piety under Hepliaklqana
  5742 | D:6      | Noticed monokles's ghost (novice DsMo)
  5769 | D:6      | Killed monokles's ghost
  5769 | D:6      | Reached skill level 8 in Maces & Flails
  5769 | D:6      | Reached XP level 9. HP: 33/50 MP: 9/9
  5954 | D:6      | Remembered your ancestor Nebetia as a hexer
  6470 | D:7      | Reached skill level 9 in Maces & Flails
  6489 | D:7      | Reached skill level 5 in Shields
  6582 | D:7      | Found Caujeg's Distillery.
  6619 | D:7      | Found Wentush's Magic Scroll Boutique.
  6626 | D:7      | Bought a scroll of identify for 20 gold pieces
  6626 | D:7      | Bought a scroll of identify for 20 gold pieces
  6626 | D:7      | Bought a scroll of identify for 20 gold pieces
  6626 | D:7      | Bought a scroll of identify for 20 gold pieces
  6626 | D:7      | Bought a scroll of identify for 20 gold pieces
  6626 | D:7      | Bought a scroll of enchant armour for 75 gold pieces
  6987 | D:7      | Found Perolo's Antique Armour Shop.
  7179 | D:8      | Found a sand-covered staircase.
  7258 | Ossuary  | Entered an ossuary
  7292 | Ossuary  | Reached XP level 10. HP: 40/54 MP: 10/10
  7425 | Ossuary  | Reached skill level 10 in Maces & Flails
  7815 | D:8      | Noticed Grum
  7834 | D:8      | Killed Grum
  7914 | D:8      | Noticed a cyclops
  7933 | D:8      | Killed a cyclops
  8116 | D:8      | Noticed a cyan ugly thing
  8141 | D:8      | Killed a cyan ugly thing
  8208 | D:8      | Reached *** piety under Hepliaklqana
  8240 | D:8      | Found a burning altar of Makhleb.
  8550 | D:9      | Found a staircase to the Orcish Mines.
  8673 | D:9      | Reached skill level 11 in Maces & Flails
  8775 | D:9      | Noticed a kobold demonologist
  8787 | D:9      | Killed a kobold demonologist
  9159 | D:9      | Reached XP level 11. HP: 54/61 MP: 11/11
  9203 | D:10     | Entered Level 10 of the Dungeon
  9593 | D:10     | Found a hide-covered altar of Uskayaw.
  9622 | D:10     | Noticed Erolcha
  9640 | D:10     | Killed Erolcha
  9640 | D:10     | Reached skill level 12 in Maces & Flails
  9701 | D:10     | Found a staircase to the Lair.
  9909 | D:10     | Reached **** piety under Hepliaklqana
 10235 | Lair:1   | Entered Level 1 of the Lair of Beasts
 10464 | Lair:1   | Noticed Camlann's ghost (journeyman OpTm)
 10511 | Lair:1   | Killed Camlann's ghost
 10730 | Lair:1   | Noticed Harold
 10752 | Lair:1   | Killed Harold
 10752 | Lair:1   | Reached skill level 10 in Fighting
 10760 | Lair:1   | Noticed Gastronok
 10776 | Lair:1   | Killed Gastronok
 10776 | Lair:1   | Reached skill level 13 in Maces & Flails
 10776 | Lair:1   | Reached XP level 12. HP: 43/71 MP: 12/12
 11146 | Lair:2   | Reached ***** piety under Hepliaklqana
 11769 | Lair:3   | Noticed a six-headed hydra
 11781 | Lair:3   | Killed a six-headed hydra
 11781 | Lair:3   | Reached skill level 1 in Evocations
 11838 | Lair:3   | Found a staircase to the Snake Pit.
 11906 | Lair:3   | Found a dark tunnel.
 11919 | Volcano  | Entered a volcano
 11957 | Volcano  | Killed from afar by a hell hound

Skill      XL: |  1  2  3  4  5  6  7  8  9 10 11 12 |
---------------+-------------------------------------+-----
Fighting       | 4 5 6 7 10 11 | 11.2
Maces & Flails | 3 4 5 6 8 9 11 13 | 13.8
Armour         | 4 7 8 |  8.2
Shields        | 6 8 |  8.6
Evocations     | 3 |  3.1

Action                   |  1- 3 |  4- 6 |  7- 9 | 10-12 || total
-------------------------+-------+-------+-------+-------++-------
Melee: Flail             |   129 |   202 |   331 |   580 ||  1242
Invok: Recall Ancestor   |       |       |     1 |       ||     1
       Ancestor Life: He |       |       |     1 |       ||     1
       Transference      |       |       |       |     1 ||     1
 Abil: Stop Flying       |       |       |     1 |       ||     1
  Use: Potion            |       |     9 |     5 |     5 ||    19
       Scroll            |       |       |    15 |     8 ||    23
 Stab: Confused          |       |       |     2 |     5 ||     7
       Distracted        |       |       |     1 |     9 ||    10
  Eat: Chunk             |     2 |     7 |    13 |    15 ||    37
       Meat ration       |       |       |       |     1 ||     1
       Beef jerky        |       |       |       |     1 ||     1
Armor: Scale mail        |    72 |    61 |       |       ||   133
       Chain mail        |       |    52 |   199 |   259 ||   510
       Skin              |       |     2 |       |       ||     2
Dodge: Dodged            |    40 |    60 |    49 |    97 ||   246
Block: Shield            |    68 |    97 |   140 |   252 ||   557
